 Dungeon Crawl Stone Soup version 0.18.1-51-gd549091e01 (webtiles) character file.

67412 magog001 the Peltast (level 14, -26/133 HPs)
             Began as a Minotaur Fighter on Apr 26, 2023.
             Was the Champion of Nemelex Xobeh.
             Killed from afar by a storm dragon (31 damage)
             ... with a bolt of lightning
             ... on level 8 of the Lair of Beasts on Apr 27, 2023.
             The game lasted 02:25:32 (24206 turns).

magog001 the Peltast (Minotaur Fighter)            Turns: 24206, Time: 02:25:33

Health: -26/133    AC: 26    Str: 25    XL:     14   Next: 82%
Magic:  1/14       EV:  8    Int: 12    God:    Nemelex Xobeh [******]
Gold:   711        SH: 22    Dex: 10    Spells: 0 memorised, 13 levels left

rFire  . . .     SeeInvis +     E - +5 war axe (chop)
rCold  x . .     Gourm    .     b - +3 plate armour {MR+}
rNeg   + . .     Faith    .     T - +0 large shield
rPois  +         Spirit   .     (helmet unavailable)
rElec  .         Dismiss  .     U - +1 cloak
rCorr  .         Reflect  .     (no gloves)
SustAt .         Harm     .     (no boots)
MR     ++++.                    a - amulet of regeneration
Stlth  ..........               c - ring "Huffaf" {MR+ Int+4 Slay+3 SInv}
                                R - ring "Gevuolobikh" {rPois rC- rN+ MR+ Int+3 Stlth-}

@: lethally poisoned (-26 -> -26), very slightly contaminated, incredibly
resistant to hostile enchantments, extremely unstealthy
A: retaliatory headbutt, hooves 1, horns 3, rough black scales 1
a: Triple Draw, Deal Four, Stack Five, Renounce Religion


You were on level 8 of the Lair of Beasts.
You worshipped Nemelex Xobeh.
Nemelex Xobeh was exalted by your worship.
You were near starving.

You visited 4 branches of the dungeon, and saw 22 of its levels.

You collected 1897 gold pieces.
You spent 1178 gold pieces at shops.

Inventory:

Hand Weapons
 E - a +5 war axe of chopping (weapon)
 H - a +1 hunting sling of evasion
Missiles
 u - 5 tomahawks of returning (quivered)
 w - 160 sling bullets
 S - 5 javelins of returning
Armour
 b - a +3 plate armour of magic resistance (worn)
 T - a +0 large shield (worn)
 U - a +1 cloak (worn)
Jewellery
 a - an amulet of regeneration (around neck)
 c - the ring "Huffaf" (right hand) {MR+ Int+4 Slay+3 SInv}
   (You found it on level 3 of the Lair of Beasts)

   [ring of protection from magic]

   It affects your intelligence (+4).
   It affects your accuracy and damage with ranged weapons and melee attacks
   (+3).
   It affects your resistance to hostile enchantments.
   It lets you see invisible.
 p - a cursed ring of loudness {unknown}
 R - the ring "Gevuolobikh" (left hand) {rPois rC- rN+ MR+ Int+3 Stlth-}
   (You found it on level 1 of the Lair of Beasts)

   [ring of loudness]

   It affects your intelligence (+3).
   It makes you vulnerable to cold.
   It protects you from poison.
   It protects you from negative energy.
   It affects your resistance to hostile enchantments.
   It makes you less stealthy.
Wands
 g - a wand of acid (6/15)
 j - a wand of iceblast (12/15)
 q - a wand of lightning (12/15)
 N - a wand of iceblast (7/15)
 P - a wand of slowing (33/48)
 Z - a wand of disintegration (20/24)
Scrolls
 h - 4 scrolls of fog
 k - 7 scrolls of remove curse
 l - a scroll of recharging
 m - 4 scrolls of identify
 n - 3 scrolls of blinking
 v - 6 scrolls of teleportation
 J - 3 scrolls of fear
Potions
 f - 2 potions of invisibility
 r - 3 potions of heal wounds
 A - 2 potions of agility
 C - 5 potions of haste
 D - 6 potions of curing
 F - 3 potions of flight
 I - 2 potions of resistance
Miscellaneous
 e - an ornate deck of escape
 i - a legendary deck of escape
 s - a legendary deck of destruction
 t - a legendary deck of destruction {drawn: 5}
 x - a disc of storms
 y - a legendary deck of destruction
 B - a legendary deck of escape {drawn: 3}
 G - a disc of storms
 K - a box of beasts {used: 1}
 M - a sack of spiders {used: 1}
 O - a sack of spiders
 Q - an ornate deck of escape
 Y - an ornate deck of war {the Illusion}
Comestibles
 o - a meat ration
 z - 9 bread rations
 V - 6 beef jerkies
 W - 8 slices of pizza
 X - 2 fruits


   Skills:
 * Level 14.5 Fighting
   Level 10.2 Short Blades
 - Level 4.0(5.1) Axes
   Level 4.7(5.4) Maces & Flails
 + Level 0.4 Throwing
 * Level 15.3 Armour
 + Level 5.8 Dodging
 + Level 2.2 Stealth
 * Level 17.6 Shields
 + Level 1.6 Evocations


You had 13 spell levels left.
You didn't know any spells.

Dungeon Overview and Level Annotations

Branches:
Dungeon (11/15)            Temple (1/1) D:6            Lair (8/8) D:11
  Swamp (0/4) Lair:5       Spider (0/4) Lair:5        Slime (0/6) Lair:7
    Orc (2/2) D:11            Elf (0/3) Orc:2

Altars:
Ashenzari
Cheibriados
Fedhas
Gozag
Kikubaaqudgha
Makhleb
Nemelex Xobeh
Okawaru
Pakellas
Qazlal
Sif Muna
Vehumet
Xom
Yredelemnul
Zin
The Shining One
Beogh

Shops:
D:4 (   D:7 ([[   D:8 =   D:11 [*   Orc:2 (==%}(}


Innate Abilities, Weirdness & Mutations

You reflexively headbutt those who attack you in melee.
You have a pair of large horns on your head.
You have large cloven feet.
You are partially covered in rough black scales (AC +4, Dex -1).


Message History

You draw a card...
It is the Tomb.
Walls emerge from the floor!
You block the ghost moth's attack.
The ghost moth hits you but does no damage.
You block the ghost moth's attack. The storm dragon bites you.
* * * LOW HITPOINT WARNING * * *
You block the storm dragon's attack. The storm dragon closely misses you.
Evoke which item? (* to show all) (? for menu, Esc to quit)
Zapping:
Z - a wand of disintegration (21/24)
Press: ? - help, Shift-Dir - straight line, f - storm dragon
Aim: a storm dragon (catching its breath, misshapen and mutated, chance to defeat MR: 10%)
The storm dragon resists with almost no effort.
This wand has 20 charges left.
You feel sick. The ghost moth misses you.
The ghost moth hits you but does no damage.
You block the ghost moth's attack.
The storm dragon breathes lightning at you.
The bolt of lightning hits you!
* * * LOW HITPOINT WARNING * * *
The bolt of lightning hits you!
You die...
Your body glows slightly and disappears.

## ####........†.†≈≈≈P≈PP≈P≈..$..
#..........P≈P≈P≈P≈≈≈≈≈≈.....
#####............≈≈P≈≈≈≈≈≈P≈...†.
.................P≈P≈≈≈≈P≈≈P.....
......<...†......≈≈.P.....≈≈.....
.................................
....(...P...#....................
........?P.....##D...............
..........P....#@yH..............
.........P.....###.....P.........
.........P.......................
.....P................†..........
....^.........................P..
.................................
....P.P......................P###
.....#.....P...............P.##
.................##.###.P##


You could see a storm dragon, a ghost moth (invisible) and a griffon.

Vanquished Creatures
  Gastronok (Lair:2)
  3 orc warlords
  The ghost of magog001 the Peltast, a journeyman MiFi of Nemelex Xobeh (Orc:2)
  2 hydras
  A catoblepas (Lair:6)
  A queen ant (D:10)
  10 death yaks
  An ogre mage (Orc:2)
  6 orc high priests
  Urug (Lair:1)
  3 hill giants (D:11)
  An unseen horror (Lair:8)
  A deep troll (Orc:1)
  4 orc knights
  3 orc sorcerers
  A cyclops (D:11)
  3 griffons
  An ugly thing (D:11)
  3 black mambas
  A torpor snail (Lair:6)
  9 spiny frogs
  5 komodo dragons
  A rime drake (Lair:4)
  3 spriggan druids (Lair:7)
  A polar bear (Lair:8)
  8 trolls
  A giant leech (Lair:5)
  A two-headed ogre (D:11)
  12 blink frogs
  3 slime creatures (Lair:7)
  Sigmund (D:3)
  12 spriggans (Lair:7)
  2 wyverns
  31 yaks
  8 hippogriffs
  A human (D:7)
  A basilisk (Lair:1)
  4 wargs
  11 soldier ants (D:10)
  13 water moccasins
  11 porcupines
  3 ice beasts
  47 orc warriors
  3 black bears
  4 wasps
  An eye of draining (D:11)
  4 necrophages (D:8)
  2 sky beasts
  12 ogres
  A phantom (D:8)
  8 wolves
  2 centaurs
  11 crocodiles
  5 big kobolds
  19 giant frogs
  4 gnoll sergeants (D:11)
  A wyvern zombie (D:9)
  6 scorpions
  A wyvern skeleton (D:9)
  6 killer bees (D:8)
  5 wights (D:11)
  6 electric eels
  A centaur zombie (D:8)
  2 crimson imps
  2 quasits
  A giant frog zombie (D:8)
  29 orc priests
  6 hounds
  2 jellies
  Jessica (D:3)
  2 giant frog skeletons
  6 iguanas
  15 orc wizards
  Ijyb (D:2)
  20 worker ants
  4 sheep (D:7)
  2 hound zombies (D:8)
  2 worker ant zombies
  Robin (D:2)
  6 gnolls
  69 river rats
  12 adders
  2 shadow imps
  An ooze (D:3)
  2 adder skeletons
  7 worms
  2 dart slugs
  4 giant geckos
  92 orcs
  6 giant cockroaches
  19 goblins
  21 hobgoblins
  12 jackals
  8 kobolds (D:9)
  3 quokkas
  3 ball pythons
  6 bats
  A giant gecko skeleton (D:4)
  8 giant newts
  A quokka skeleton (D:4)
  9 rats
  2 bushes
  9 fungi
  2 plants
742 creatures vanquished.

Vanquished Creatures (collateral kills)
  Nessos (Lair:5)
  A hydra (Lair:7)
  7 yaks
  An orc warrior (Orc:2)
  5 orc priests (Orc:2)
  An orc wizard (Orc:2)
  5 river rats (Lair:7)
  A giant newt (Lair:4)
  A fungus (Lair:4)
  A plant (Lair:7)
24 creatures vanquished.

Vanquished Creatures (others)
  An orc (Orc:2)
  4 fungi
  12 plants
17 creatures vanquished.

Grand Total: 783 creatures vanquished

Notes
Turn   | Place    | Note
--------------------------------------------------------------
     0 | D:1      | magog001 the Minotaur Fighter began the quest for the Orb.
     0 | D:1      | Reached XP level 1. HP: 19/19 MP: 0/0
   140 | D:1      | Reached XP level 2. HP: 26/27 MP: 1/1
   842 | D:2      | Noticed Ijyb
   850 | D:2      | Killed Ijyb
   850 | D:2      | Reached XP level 3. HP: 32/34 MP: 2/2
  1385 | D:2      | Reached XP level 4. HP: 30/41 MP: 3/3
  1420 | D:2      | Reached skill level 4 in Shields
  1698 | D:2      | Noticed Robin
  1707 | D:2      | Killed Robin
  2059 | D:2      | Found a deep blue altar of Sif Muna.
  2067 | D:2      | Reached XP level 5. HP: 42/47 MP: 4/4
  2541 | D:3      | Noticed Jessica
  2550 | D:3      | Reached skill level 5 in Fighting
  2555 | D:3      | Killed Jessica
  2741 | D:3      | Found an iron altar of Okawaru.
  2743 | D:3      | Found a snail-covered altar of Cheibriados.
  2761 | D:3      | Found an oddly glowing altar of Pakellas.
  3423 | D:3      | Noticed Sigmund
  3435 | D:3      | Killed Sigmund
  3435 | D:3      | Reached skill level 1 in Short Blades
  3435 | D:3      | Reached skill level 5 in Armour
  3435 | D:3      | Reached skill level 5 in Shields
  3435 | D:3      | Reached XP level 6. HP: 56/56 MP: 5/5
  3450 | D:3      | Noticed a water moccasin
  3454 | D:3      | Killed a water moccasin
  3454 | D:3      | Reached skill level 1 in Dodging
  4015 | D:4      | Reached XP level 7. HP: 48/61 MP: 6/6
  4160 | D:4      | Found Rungoliff's Weapon Shoppe.
  4238 | D:4      | Reached skill level 6 in Shields
  4822 | D:5      | Entered Level 5 of the Dungeon
  5050 | D:5      | Found a radiant altar of Vehumet.
  5767 | D:6      | Found a staircase to the Ecumenical Temple.
  5819 | Temple   | Entered the Ecumenical Temple
  5831 | Temple   | Became a worshipper of Nemelex Xobeh the Trickster
  5967 | D:6      | Found an opulent altar of Gozag.
  6082 | D:6      | Reached XP level 8. HP: 56/70 MP: 7/7
  6694 | D:6      | Identified a +1 rod of shadows (14/14) (You found it on level 6 of the Dungeon)
  6699 | D:7      | Received a gift from Nemelex Xobeh
  6808 | D:7      | Reached skill level 1 in Stealth
  6808 | D:7      | Reached skill level 7 in Shields
  6910 | D:7      | Found Voxoem Biplo's Antique Armour Shop.
  7012 | D:7      | Found Imymeot's Weapon Boutique.
  7302 | D:7      | Found Hevvunk's Armour Shop.
  7310 | D:7      | Reached * piety under Nemelex Xobeh
  7316 | D:7      | Bought a +0 cloak for 67 gold pieces
  7337 | D:7      | Found a stormy altar of Qazlal.
  7452 | D:7      | Reached XP level 9. HP: 48/79 MP: 8/8
  7871 | D:8      | Gained mutation: Your spells are a little harder to cast, but a little more powerful. [mutagenic meat]
  7872 | D:8      | Gained mutation: You are partially covered in rough black scales (AC +4, Dex -1). [mutagenic meat]
  7874 | D:8      | Lost mutation: Your spells are a little harder to cast, but a little more powerful. [mutagenic meat]
  7875 | D:8      | Gained mutation: You are weak. (Str -2) [mutagenic meat]
  7876 | D:8      | Gained mutation: You have large cloven feet. [mutagenic meat]
  7994 | D:8      | Got a faintly humming buckler
  8005 | D:8      | Identified the +4 buckler of Rieh {rPois rF- Int+3} (You found it on level 8 of the Dungeon)
  8253 | D:8      | Reached skill level 8 in Shields
  8295 | D:8      | Found Joeczufu's Jewellery Shop.
  8682 | D:8      | Bought an uncursed amulet of regeneration for 300 gold pieces
  8970 | D:8      | Found a blossoming altar of Fedhas.
  9032 | D:8      | Reached skill level 5 in Short Blades
  9247 | D:9      | Reached skill level 9 in Shields
  9489 | D:9      | Reached skill level 10 in Armour
  9662 | D:9      | Reached XP level 10. HP: 88/88 MP: 9/9
  9750 | D:9      | Reached ** piety under Nemelex Xobeh
 10225 | D:10     | Entered Level 10 of the Dungeon
 10280 | D:10     | Received a gift from Nemelex Xobeh
 10778 | D:10     | Noticed a queen ant
 10829 | D:10     | Killed a queen ant
 10829 | D:10     | Reached skill level 10 in Shields
 11199 | D:10     | Reached *** piety under Nemelex Xobeh
 11530 | D:11     | Noticed a hill giant
 11530 | D:11     | Noticed a hill giant
 11564 | D:11     | Killed a hill giant
 11588 | D:11     | Killed a hill giant
 11588 | D:11     | Reached XP level 11. HP: 34/97 MP: 10/10
 12043 | D:11     | Found a staircase to the Lair.
 12218 | D:11     | Reached skill level 11 in Shields
 12351 | D:11     | Found Dyeror's Armour Shop.
 12413 | D:11     | Noticed a green ugly thing
 12428 | D:11     | Killed a green ugly thing
 12460 | D:11     | Lost mutation: You are weak. (Str -2) [potion of mutation]
 12460 | D:11     | Gained mutation: You have a pair of large horns on your head. [potion of mutation]
 12492 | D:11     | Noticed a six-headed hydra
 12506 | D:11     | Killed a six-headed hydra
 12556 | D:11     | Received a gift from Nemelex Xobeh
 12562 | D:11     | Found Caugesu's General Store.
 12567 | D:11     | Bought a scroll of identify for 26 gold pieces
 12567 | D:11     | Bought a scroll of identify for 26 gold pieces
 12567 | D:11     | Bought a scroll of remove curse for 39 gold pieces
 12979 | D:11     | Found a staircase to the Orcish Mines.
 13082 | D:11     | Reached skill level 12 in Shields
 13220 | Orc:1    | Entered Level 1 of the Orcish Mines
 13220 | Orc:1    | Noticed an orc warlord
 13220 | Orc:1    | Noticed an orc sorcerer
 13273 | D:11     | Reached skill level 10 in Fighting
 13349 | D:11     | Killed an orc warlord
 13564 | D:11     | Noticed a hill giant
 13573 | D:11     | Killed a hill giant
 13573 | D:11     | Reached XP level 12. HP: 86/107 MP: 11/11
 13970 | Orc:1    | Received a gift from Nemelex Xobeh
 14001 | Orc:1    | Reached **** piety under Nemelex Xobeh
 14258 | Orc:1    | Found a roughly hewn altar of Beogh.
 14358 | Orc:2    | Entered Level 2 of the Orcish Mines
 14358 | Orc:2    | Found Jucaom Leto's Weapon Shoppe.
 14362 | Orc:2    | Noticed an ogre mage
 14426 | Orc:2    | Noticed an orc high priest
 14539 | Orc:2    | Killed an ogre mage
 14539 | Orc:2    | Reached skill level 10 in Short Blades
 14539 | Orc:2    | Reached skill level 13 in Shields
 14540 | Orc:2    | Found Kineoska's Jewellery Shop.
 14642 | Orc:2    | Found a roughly hewn altar of Beogh.
 14757 | Orc:2    | Killed an orc high priest
 14770 | Orc:2    | Reached skill level 1 in Evocations
 14842 | Orc:2    | Received a gift from Nemelex Xobeh
 14902 | Orc:2    | Received a gift from Nemelex Xobeh
 14916 | Orc:2    | Found Axaiss's Jewellery Emporium.
 14996 | Orc:2    | Found a staircase to the Elven Halls.
 15054 | Orc:2    | Noticed an orc warlord
 15115 | Orc:1    | Killed an orc warlord
 15461 | Orc:2    | Reached skill level 1 in Maces & Flails
 15513 | Orc:2    | Noticed an orc warlord
 15571 | Orc:1    | Killed an orc warlord
 15719 | Orc:2    | Reached skill level 5 in Dodging
 15735 | Orc:2    | Noticed magog001's ghost (journeyman MiFi)
 15851 | Orc:2    | Killed magog001's ghost
 15973 | Orc:2    | Paralysed by an orc sorcerer for 5 turns
 16702 | Orc:2    | Noticed an orc high priest
 16706 | Orc:2    | Noticed an orc high priest
 16741 | Orc:1    | Killed an orc high priest
 16741 | Orc:1    | Reached XP level 13. HP: 107/118 MP: 12/12
 17362 | Orc:2    | Reached skill level 14 in Shields
 17493 | Orc:2    | Received a gift from Nemelex Xobeh
 17598 | Orc:2    | Found Tiris's Gadget Shoppe.
 17598 | Orc:2    | Found Cahuk's Food Shoppe.
 17599 | Orc:2    | Found Akic's Weapon Emporium.
 17599 | Orc:2    | Found Vawkeac's Gadget Shoppe.
 17651 | Orc:2    | Bought a box of beasts for 240 gold pieces
 17651 | Orc:2    | Bought a sack of spiders for 240 gold pieces
 17651 | Orc:2    | Bought a sack of spiders for 240 gold pieces
 17825 | Lair:1   | Entered Level 1 of the Lair of Beasts
 18038 | Lair:1   | Reached ***** piety under Nemelex Xobeh
 18279 | Lair:1   | Received a gift from Nemelex Xobeh
 18393 | Lair:1   | Got a glittering lapis lazuli ring
 18403 | Lair:1   | Noticed Urug
 18418 | Lair:1   | Killed Urug
 18672 | Lair:2   | Noticed Gastronok
 18693 | Lair:2   | Killed Gastronok
 18697 | Lair:2   | Identified the ring "Gevuolobikh" {rPois rC- rN+ MR+ Int+3 Stlth-} (You found it on level 1 of the Lair of Beasts)
 19007 | Lair:2   | Received a gift from Nemelex Xobeh
 19284 | Lair:3   | Received a gift from Nemelex Xobeh
 19465 | Lair:3   | Received a gift from Nemelex Xobeh
 19880 | Lair:3   | Got a coiled brass ring
 19984 | Lair:3   | Received a gift from Nemelex Xobeh
 20071 | Lair:3   | Identified the ring "Huffaf" {MR+ Int+4 Slay+3 SInv} (You found it on level 3 of the Lair of Beasts)
 20121 | Lair:4   | Reached skill level 15 in Shields
 20213 | Lair:4   | Reached ****** piety under Nemelex Xobeh
 20285 | Lair:4   | Found an ancient bone altar of Kikubaaqudgha.
 20338 | Lair:4   | Received a gift from Nemelex Xobeh
 20911 | Lair:5   | Received a gift from Nemelex Xobeh
 20922 | Lair:5   | Found a staircase to the Swamp.
 20925 | Lair:5   | Noticed Nessos
 20945 | Lair:5   | Killed Nessos
 21178 | Lair:5   | Reached XP level 14. HP: 129/129 MP: 14/14
 21218 | Lair:5   | Found a hole to the Spider Nest.
 21293 | Lair:5   | Received a gift from Nemelex Xobeh
 21788 | Lair:6   | Received a gift from Nemelex Xobeh
 21797 | Lair:6   | Reached skill level 16 in Shields
 22558 | Lair:7   | Received a gift from Nemelex Xobeh
 22852 | Lair:7   | Reached skill level 15 in Armour
 22993 | Lair:8   | Entered Level 8 of the Lair of Beasts
 23298 | Lair:7   | Received a gift from Nemelex Xobeh
 23330 | Lair:7   | Reached skill level 17 in Shields
 23504 | Lair:7   | Found a staircase to the Slime Pits.
 24182 | Lair:8   | Noticed an emperor scorpion
 24182 | Lair:8   | a death yak changed into an emperor scorpion
 24182 | Lair:8   | Noticed a ghost moth
 24182 | Lair:8   | a death yak changed into a ghost moth
 24182 | Lair:8   | Noticed a storm dragon
 24182 | Lair:8   | a death yak changed into a storm dragon
 24206 | Lair:8   | HP: 5/133 [storm dragon/bolt of lightning (15)]
 24206 | Lair:8   | Killed from afar by a storm dragon

Skill      XL: |  1  2  3  4  5  6  7  8  9 10 11 12 13 14 |
---------------+-------------------------------------------+-----
Fighting       | 4 5 6 7 9 10 12 13 14 | 14.5
Armour         | 4 5 7 8 10 11 12 13 14 15 | 15.3
Axes           | 3 4 |  4.0
Shields        | 4 5 6 7 9 10 12 13 15 17 | 17.6
Short Blades   | 1 2 4 6 7 9 10 | 10.2
Dodging        | 1 2 3 4 5 |  5.8
Stealth        | 1 2 |  2.2
Evocations     | 1 |  1.6
Maces & Flails | 3 4 |  4.7
Throwing       | |  0.4

Action                   |  1- 3 |  4- 6 |  7- 9 | 10-12 | 13-15 || total
-------------------------+-------+-------+-------+-------+-------++-------
Melee: War axe           |    72 |    87 |       |       |   857 ||  1016
       Headbutt          |     9 |    25 |   116 |   290 |   198 ||   638
       Short sword       |       |    65 |   523 |   937 |       ||  1525
       Kick              |       |       |    90 |   448 |   307 ||   845
       Dire flail        |       |       |       |   194 |     2 ||   196
Throw: Stone             |     9 |       |       |       |       ||     9
       Tomahawk          |     8 |       |       |       |       ||     8
Evoke: Wand              |       |       |       |    13 |     2 ||    15
       Deck              |       |       |       |     6 |    23 ||    29
       Disc of storms    |       |       |       |     1 |     5 ||     6
       Box of beasts     |       |       |       |       |     1 ||     1
       Sack of spiders   |       |       |       |       |     1 ||     1
  Use: Scroll            |       |     4 |    22 |     2 |    13 ||    41
       Potion            |       |     1 |     1 |    15 |     4 ||    21
 Stab: Distracted        |       |       |       |       |     1 ||     1
  Eat: Chunk             |     1 |     2 |    17 |     5 |     1 ||    26
       Bread ration      |     1 |       |       |     1 |     1 ||     3
       Pizza             |       |     1 |     1 |       |     1 ||     3
       Beef jerky        |       |     1 |       |       |       ||     1
       Royal jelly       |       |       |     2 |       |     1 ||     3
       Fruit             |       |       |     1 |     5 |       ||     6
       Meat ration       |       |       |       |     2 |     3 ||     5
Armor: Scale mail        |    36 |    59 |     6 |       |       ||   101
       Chain mail        |       |       |   134 |    29 |       ||   163
       Skin              |       |       |       |    20 |       ||    20
       Plate armour      |       |       |       |   394 |   393 ||   787
Dodge: Dodged            |    19 |    49 |    78 |   312 |   263 ||   721
Block: Shield            |    40 |    73 |   190 |   398 |   249 ||   950
       Large shield      |       |       |       |       |   600 ||   600
